 Dungeon Crawl Stone Soup version 0.28-a0-1174-g766a6a42ef (webtiles) character file.

Game seed: 6472674710869128141

8 yoda5477 the Insei (level 2, 19/21 HPs)
             Began as a Demonspawn Transmuter on Dec 16, 2021.
             Quit the game on level 1 of the Dungeon.
             The game lasted 00:02:48 (744 turns).

yoda5477 the Insei (Demonspawn Transmuter)           Turns: 744, Time: 00:02:49

Health: 19/21      AC:  3    Str: 10    XL:     2   Next: 0%
Magic:  5/5        EV: 12    Int: 14    God:
Gold:   29         SH:  0    Dex: 15    Spells: 4/5 levels left

rFire   . . .      SeeInvis .   i - +0 dagger
rCold   . . .      Faith    .   (no shield)
rNeg    . . .      Spirit   .   a - +0 robe
rPois   .          Reflect  .   (helmet currently unavailable)
rElec   .          Harm     .   (no cloak)
rCorr   .          Rampage  .   d - +0 pair of gloves
Will    .....                   (boots currently unavailable)
Stlth   +++.......              f - amulet of magic regeneration
HPRegen 0.07/turn               (no ring)
MPRegen 0.49/turn               (no ring)

@: appendages (expiring)
A: horns 2, talons 2, thin skeletal structure 1
a: End Transformation


You were on level 1 of the Dungeon.
You had temporarily grown beastly horns and talons.
You visited 1 branch of the dungeon, and saw 1 of its levels.

You collected 29 gold pieces.

Inventory:

Hand Weapons
 e - a +0 short sword
 h - a +0 whip
 i - a +0 dagger (weapon)
 m - a +0 mace
Missiles
 c - 16 stones
Armour
 a - a +0 robe (worn)
 d - a +0 pair of gloves (worn)
Jewellery
 f - an amulet of magic regeneration (around neck)
Scrolls
 b - a scroll of silence {unknown}
 g - 2 scrolls of teleportation {unknown}
 k - a scroll of torment {unknown}
Potions
 j - a potion of flight {unknown}
 l - a potion of curing {unknown}


   Skills:
 * Level 1.3 Fighting
 + Level 1.9 Dodging
 * Level 0.7 Stealth
 - Level 2.6 Unarmed Combat
 - Level 2.0 Spellcasting
 + Level 1.9 Transmutations


You had 4 spell levels left.
You knew the following spells:

 Your Spells              Type           Power      Damage    Failure   Level
a - Beastly Appendage     Tmut           12%        N/A       11%         1

Your spell library contained the following spells:

 Spells                   Type           Power      Damage    Failure   Level
 Wereblood                Tmut           6%         N/A       16%         2
 Spider Form              Tmut/Pois      4%         N/A       43%         3
 Ice Form                 Ice/Tmut       4%         N/A       85%         4


Dungeon Overview and Level Annotations

Branches:
Dungeon (1/15)

Altars:

Shops:
D:1 !


Innate Abilities, Weirdness & Mutations

You have temporarily grown beastly horns and talons.
You have a somewhat thin skeletal structure. (Dex +2, Stealth+)


Message History

The giant cockroach closely misses you.
Casting: Beastly Appendage (safe; 11% risk of failure)
Confirm with . or Enter, or press ? or * to list all spells.
You miscast Beastly Appendage.
You are very lightly contaminated with residual magic.
Nothing appears to happen.
The giant cockroach bites you but does no damage.
You barely miss the giant cockroach.
The giant cockroach is almost dead.
The giant cockroach barely misses you.
You hit the giant cockroach.
You kill the giant cockroach!
Your magical contamination has completely faded away.
You open the door.
There is an open door here.
Found a mace.
l - a brown potion You see here a +0 mace.
m - a +0 mace
Found a stone staircase leading down.
A ball python comes into view.
Casting: Beastly Appendage (safe; 11% risk of failure)
Confirm with . or Enter, or press ? or * to list all spells.
You miscast Beastly Appendage.
You are very lightly contaminated with residual magic.
Nothing appears to happen.
Casting: Beastly Appendage (safe; 11% risk of failure)
Confirm with . or Enter, or press ? or * to list all spells.
You grow a pair of large bovine horns.
Your feet morph into talons.
The ball python bites you but does no damage.
The ball python grabs you. The ball python constricts you.
You hit the ball python.
You kill the ball python!
You have reached level 2!
Your demonic ancestry asserts itself...
Your bones become slightly less dense.
Your transformation is almost over.
Your magical contamination has completely faded away.
You see here a ball python corpse.
Are you sure you want to abandon this character and quit the game? (Confirm with "yes".)

#.###...# #.# .####
#.#...#.# #.# ....#
#...###.#####.###.#.####
#>......................
#.#####.##....#.........
#............###.#.#.#.#.
#..#####.#..#.....#.#.#.#
#.## #....##.###.#.#.#. #.
#@...##.##.#.#.#.# #.
###...........#.≈≈≈≈≈.
..#.......#.#..#≈...≈#
#.#.....#.#...#.≈<..≈.
#######.#..........#.#≈...≈#
#.....#.##.####.##.##.≈≈≈≈≈.
#8......†.....#..# #.#.#.#.#
#.............#..# ##.#.#.#.
#>.....##.#####. #.#.#.#.#


There were no monsters in sight!

Vanquished Creatures
  2 bats (D:1)
  An endoplasm (D:1)
  A giant cockroach (D:1)
  A goblin (D:1)
  A kobold (D:1)
  A ball python (D:1)
7 creatures vanquished.

Notes
Turn   | Place    | Note
-------+----------+-------------------------------------------
     0 | D:1      | yoda5477 the Demonspawn Transmuter began the quest for the
                  | Orb.
     0 | D:1      | Reached XP level 1. HP: 15/15 MP: 3/3
   291 | D:1      | Found Imeum's Distillery.
   743 | D:1      | Gained mutation: You have a somewhat thin skeletal
                  | structure. (Dex +2, Stealth+) [demonic ancestry]
   743 | D:1      | Reached XP level 2. HP: 19/21 MP: 5/5
   744 | D:1      | Quit the game

Illustrated notes

Levels and vault maps discovered:
D:1:      ncdulo_watergridlock, layout_basic, chequers_ecumenical_altar_grove,
          serial_shops, shop_statue, columned_hall_lemuel

Action                   || total
-------------------------++-------
Melee: Dagger            ||    19
       Short sword       ||     4
       Kick              ||     3
 Cast: Beastly Appendage ||     4
Armor: Robe              ||    11
Dodge: Dodged            ||    17

Table legend: (Time is in decaauts)
 A = Elapsed time spent in this place.
 B = Non-inter-level travel time spent in this place.
 C = Inter-level travel time spent in this place.
 D = Time resting spent in this place.
 E = Time spent auto-exploring this place.
 F = Levels seen in this place.
 G = Mean time per level.
                   A        B        C        D        E       F      G
               +--------+--------+--------+--------+--------+-----+--------+
         Total |    744 |    744 |      0 |    220 |    388 |   1 |  744.0 |
       Dungeon |    744 |    744 |      0 |    220 |    388 |   1 |  744.0 |
               +--------+--------+--------+--------+--------+-----+--------+

Top non-repeatable levels by time:
     D:1: 744 daAuts
